Map: Lerilak Crest

Players

SticklerMac

  • Race: Zerg Zerg
  • League: Platinum

KingRa - Winner!

  • Race: Terran Terran
  • League: Platinum

VOD

Have the link to the VOD?

Description

Time

  • Played on: Nov. 15, 2015, 5:22 p.m.
  • Length: 7:08
Show
View Real Time Build Order
Export as new Build Order

SticklerMac Zerg 

Build Orders: Hatch First 

Get SALT Encoding   

  12  0:00  Drone  
  13  0:12  Overlord  
  13  0:17  Drone  
  14  0:30  Drone  
  14  0:31  Drone  
  16  0:36  Drone  
  17  0:54  Hatchery  
  17  0:56  Drone  
  17  1:01  Drone, Extractor  
  17  1:08  Drone  
  18  1:19  Spawning Pool  
  18  1:24  Drone  
  18  1:30  Drone  
  19  1:39  Overlord  
  19  1:51  Drone  
  20  2:06  Metabolic Boost  
  21  2:08  Zergling x2  
  21  2:09  Queen x2  
  21  2:12  Drone  
  26  2:17  Zergling x2  
  26  2:19  Drone  
  28  2:24  Drone  
  29  2:39  Zergling x4  
  29  2:41  Zergling x2  
  32  2:49  Drone  
  32  2:50  Drone  
  34  2:53  Lair, Drone  
  35  3:10  Drone, Overlord x2  
  36  3:19  Overlord x2  
  36  3:28  Queen  
  38  3:37  Drone  
  38  3:38  Drone x2, Extractor  
  38  3:39  Drone  
  41  3:44  Drone  
  41  3:45  Drone x2  
  44  4:02  Hatchery  
  43  4:13  Queen  
  43  4:14  Queen  
  47  4:17  Drone x3  
  47  4:18  Drone x3  
  47  4:19  Drone  
  54  4:29  Infestation Pit  
  53  4:37  Evolution Chamber  
  53  4:38  Evolution Chamber, Extractor  
  51  4:39  Drone x2  
  51  4:40  Drone x2, Extractor  
  51  4:44  Drone  
  54  4:47  Drone x2  
  54  4:48  Drone  
  57  5:08  Drone x2  
  57  5:12  Zerg Ground Armor Level 1, Zerg Melee Weapons Level 1  
  59  5:14  Hive  
  59  5:18  Drone x5  
  59  5:20  Drone  
  65  5:54  Overlord  
  65  5:55  Overlord x3  
  57  6:14  Zergling x2  
  57  6:15  Zergling x22  
  65  6:33  Ultralisk Cavern, Zergling x6  
Show
View Real Time Build Order
Export as new Build Order

KingRa Terran - Winner!

Build Orders: Reaper Expand 

Get SALT Encoding   

  12  0:01  SCV  
  13  0:13  SCV  
  14  0:19  Supply Depot  
  14  0:25  SCV  
  15  0:41  SCV  
  15  0:42  Barracks  
  16  0:49  Refinery  
  16  0:53  SCV  
  17  1:02  Supply Depot  
  17  1:05  SCV  
  18  1:21  SCV  
  19  1:33  Reaper, Orbital Command  
  20  1:52  Command Center  
  20  1:59  SCV  
  21  2:11  SCV  
  21  2:12  Barracks Reactor  
  22  2:23  SCV  
  22  2:25  Barracks  
  23  2:33  Factory  
  23  2:34  Refinery  
  23  2:40  SCV  
  24  2:49  Marine x2  
  26  2:52  SCV  
  27  3:04  SCV  
  27  3:05  Orbital Command  
  28  3:16  SCV  
  29  3:28  SCV  
  29  3:29  Starport  
  29  3:30  Hellion, Orbital Command  
  29  3:31  Hellion, Marine x2  
  36  3:43  SCV  
  36  3:44  Armory  
  37  3:54  Marine x2  
  37  3:55  Hellion x2  
  43  4:00  SCV x2  
  44  4:06  Supply Depot, Medivac  
  46  4:13  SCV  
  46  4:14  SCV  
  46  4:15  Marine x2  
  50  4:19  Supply Depot  
  50  4:20  Hellion x2  
  54  4:27  Bunker  
  54  4:28  SCV  
  54  4:31  SCV  
  56  4:34  Marine x2  
  58  4:42  SCV  
  58  4:44  Widow Mine  
  58  4:45  Widow Mine  
  63  4:52  SCV  
  64  4:53  Starport Reactor  
  64  4:55  Barracks Tech Lab  
  64  4:56  Barracks Reactor  
  64  4:57  SCV  
  65  5:02  Barracks  
  65  5:05  SCV  
  66  5:10  Supply Depot  
  66  5:15  SCV  
  66  5:19  Widow Mine  
  66  5:21  Marine  
  70  5:31  Widow Mine  
  70  5:33  Marine x2  
  70  5:34  SCV x2  
  76  5:38  Marine  
  77  5:46  SCV  
  78  5:50  Command Center, Supply Depot  
  78  5:52  Barracks Reactor  
  78  6:11  SCV x2, Widow Mine x2  
  78  6:12  Marauder, Marine x2  
  86  6:19  Refinery  
  86  6:20  Refinery  
  86  6:32  Engineering Bay x2  
  86  6:37  Supply Depot x2  
Tags
 
Add a new tag
Caveats
  • Supply blocks, unpowered buildings, or Contaminate may cause inaccurate times.
  • Supply counts are checked every 10 seconds.